[Event "Chinese Championship-B Women 2024"]
[Site "Liaocheng"]
[Date "2024.04.26"]
[Round "11.14"]
[White "Peng, Jingyi(Gd)"]
[Black "Li, Peishan"]
[Result "1-0"]
[ECO "A14"]
[WhiteElo "1725"]
[BlackElo "1647"]
[Annotator "NA"]
[PlyCount "105"]
[EventDate "2024.04.24"]
[EventType "swiss"]
[EventCountry "CHN"]
[SourceTitle "playchess.com"]
[Source "ChessBase"]
[SourceQuality "1"]
[TimeControl "5400+30"]

1. Nf3 d5 2. g3 Nf6 3. Bg2 e6 4. c4 Be7 5. b3 O-O 6. Bb2 b6 7. O-O Bb7 8. e3 Nbd7 9. Qe2 c5 10. Rd1 Qc7 11. Nc3 Rac8 12. Rac1 Rfd8 13. cxd5 exd5 14. d4 Bc6 15. Qd3 Qb7 16. h3 c4 17. Qb1 b5 18. Ne2 b4 19. Ne5 c3 20. Ba1 Bb5 21. Nf4 Bd6 22. Qf5 Nb6 23. g4 Bd7 24. Qc2 h6 25. Nfd3 Bb5 26. f4 Ne4 27. Bxe4 dxe4 28. Nf2 Bxe5 29. fxe5 Bc6 30. Nh1 Nd5 31. Qf2 f6 32. Ng3 fxe5 33. dxe5 Qe7 34. Rd4 Qxe5 35. Rxe4 Qc7 36. Nf5 Re8 37. Rc4 a5 38. a3 Nb6 39. Rd4 Rcd8 40. axb4 Rxd4 41. Bxc3 Rd5 42. Nxg7 Re7 43. Nf5 Rxf5 44. gxf5 Qd6 45. bxa5 Qd5 46. Qg3+ Kf8 47. Kh2 Nc8 48. Bb4 Ke8 49. Qg6+ Kd7 50. Qxc6+ Qxc6 51. Rxc6 Re4 52. Rxc8 Kxc8 53. f6 1-0

[Event "Chinese Championship-B Women 2024"]
[Site "Liaocheng"]
[Date "2024.04.26"]
[Round "11.15"]
[White "Zheng, Qingyu"]
[Black "Liu, Youyin"]
[Result "1/2-1/2"]
[ECO "D02"]
[WhiteElo "1547"]
[BlackElo "1840"]
[Annotator "NA"]
[PlyCount "120"]
[EventDate "2024.04.24"]
[EventType "swiss"]
[EventCountry "CHN"]
[SourceTitle "playchess.com"]
[Source "ChessBase"]
[SourceQuality "1"]
[TimeControl "5400+30"]

1. d4 d5 2. Nf3 Nf6 3. Bf4 Bf5 4. e3 e6 5. Bd3 Bxd3 6. Qxd3 Nbd7 7. Nbd2 {[%emt 0:00:26] 7.0-0 gains popularity. D02: 1 d4 d5 2 Nf3 sidelines, including 2...Nf6 3 g3 and 2...Nf6 3 Bf4.} c5 8. c3 c4 9. Qc2 Nh5 10. Bg3 Nxg3 11. hxg3 h6 12. b3 $146 ({Predecessor:} 12. e4 dxe4 13. Qxe4 Qc7 14. Qe2 Nb6 15. Ne5 Rc8 16. f4 Be7 17. Ndf3 {1-0 Irion,A-Vogelsang,T NRW-chT U18 Germany 1994}) 12... b5 13. a4 a6 14. O-O Be7 15. e4 O-O 16. Rfe1 Nb6 17. axb5 axb5 18. Rxa8 Nxa8 19. Ne5 Bd6 20. exd5 Bxe5 21. Rxe5 exd5 22. bxc4 bxc4 23. Qa4 Nc7 24. Nf1 Re8 25. Rxe8+ Qxe8 26. Qa5 Qc6 27. Ne3 Kh7 28. Qb4 Ne8 (28... Nb5 $11 {keeps the balance.}) 29. Qe7 Nd6 (29... Qe6 $16 {was worth a try.} 30. Nxd5 Qxe7 31. Nxe7 Nd6) 30. Qe5 Nb5 31. Qxd5 (31. Nxd5 $16 Qd7 32. Ne3) 31... Qxd5 32. Nxd5 Kg6 33. f3 Kf5 34. Kf2 (34. g4+ $16 Ke6 35. Nf4+ Kd6 36. Ne2) 34... Ke6 35. Nf4+ Kd6 36. Ne2 f5 37. Ke3 g5 38. Kd2 Nc7 (38... h5 $1 $11) 39. f4 (39. g4 $16 f4 40. g3) 39... g4 40. Nc1 Nd5 41. Na2 (41. Ne2 $15) 41... Nf6 42. Nb4 Ne4+ 43. Kc2 $2 (43. Ke1 $17) 43... Nxg3 44. Kb2 Ne2 (44... h5 $142 45. Nc2 h4) 45. Nc2 Nxf4 46. Ne3 Kc6 $2 ({Black should try} 46... Ke6 $19 47. Kc1 h5) 47. Kc2 $17 (47. Nxf5 Nxg2 48. Kc2 h5 $19) 47... h5 48. g3 Nd5 49. Nxf5 Nf6 50. Ne3 Ne4 51. Nxc4 Nxg3 52. Ne5+ Kd6 53. Kd3 Nf5 54. Ke4 Ng3+ 55. Ke3 Ke6 56. c4 Nf5+ 57. Ke4 Nd6+ 58. Kf4 Nxc4 59. Nxc4 Kd5 60. Ne3+ Kxd4 1/2-1/2